AoeStats
← brodididi

Arena

508861786Analyzed
1v1 RM · 7d ago on Sep 24, 2026· 17m 59s· 2 players
Game mode
Random Map
Map size
Tiny (2 player)
Population
200
Speed
Normal
Resources
Standard
Victory
Conquest
Starting age
Dark Age
Ending age
Imperial Age
RankedLock teamsTeams togetherTeam positionsShared explorationLock speedFull tech treeHidden civsTurbo modeCheats
Victory
Defeat
🇸🇪 Varangians · Sweden
727
+16
🇪🇸 Franks · Spain
732
-16
Perkele303
5:41 Loom
6:54 Loom
7:41 Loom
10:10 Feudal Age
8:32 Loom
10:19 Feudal Age
11:24 Double-Bit Axe
15:08 Castle Age
brodididi
7:51 Loom
10:15 Feudal Age
12:00 Gold Mining
13:41 Wheelbarrow
19:24 Castle Age
Connection lost

Rejoining the realm…

Still unreachable

The connection could not be restored.

Session expired

The server has moved on; the page needs a fresh start.